 Dungeon Crawl Stone Soup version 0.20.1-1-g8b1a95d (webtiles) character file.

622 Peloso the Slasher (level 7, 42/53 HPs)
             Began as a Demonspawn Fighter on Oct 27, 2017.
             Was a Follower of Okawaru.
             Quit the game on level 5 of the Dungeon.
             The game lasted 00:17:36 (3687 turns).

Peloso the Slasher (Demonspawn Fighter)             Turns: 3687, Time: 00:17:36

Health: 42/53      AC:  7    Str: 18    XL:     7   Next: 22%
Magic:  7/7        EV:  8    Int: 10    God:    Okawaru [*.....]
Gold:   139        SH:  9    Dex: 12    Spells: 6/6 levels left

rFire    . . .     SeeInvis .   a - +0 long sword
rCold    . . .     Gourm    .   c - +0 shield
rNeg     . . .     Faith    .   b - +0 scale mail
rPois    .         Spirit   +   (helmet restricted)
rElec    .         Reflect  .   m - scarf {Spirit}
rCorr    .         Harm     .   (no gloves)
MR       +....     Clarity  +   (no boots)
Stlth    ..........             (no amulet)
Regen    0.2/turn               h - ring of protection from magic
MPRegen  0.1/turn               w - ring of flight

@: no status effects
A: claws 1, hooves 1, horns 2, clarity, demonic guardian 1, spiny 1
a: Heroism, Renounce Religion, Evoke Flight


You were on level 5 of the Dungeon.
You worshipped Okawaru.
Okawaru was aware of your devotion.
You were not hungry.

You visited 1 branch of the dungeon, and saw 5 of its levels.

You collected 139 gold pieces.

Inventory:

Hand Weapons
 a - a +0 long sword (weapon)
 n - a +4 whip
Armour
 b - a +0 scale mail (worn)
 c - a +0 shield (worn)
 m - a scarf of spirit shield (worn)
Jewellery
 h - a ring of protection from magic (left claw)
 k - an uncursed ring of stealth
 t - an uncursed ring of fire
 w - a ring of flight (right claw)
Scrolls
 g - 4 scrolls of teleportation
 j - 3 scrolls of amnesia
 o - a scroll of remove curse
Potions
 i - a potion of haste
 q - a potion of ambrosia
 r - a potion of flight
Books
 s - a book of Cantrips

   Spells                             Type                      Level
   a - Confusing Touch                Hexes                        1
   b - Animate Skeleton               Necromancy                   1
   c - Summon Small Mammal            Summoning                    1
   d - Apportation                    Translocation                1
 v - a book of Changes

   Spells                             Type                      Level
   a - Beastly Appendage              Transmutation                1
   b - Sticks to Snakes               Transmutation                2
   c - Spider Form                    Transmutation/Poison         3
   d - Ice Form                       Ice/Transmutation            4
   e - Blade Hands                    Transmutation                5
Comestibles
 d - a royal jelly
 f - 2 bread rations
 l - a meat ration
 p - a chunk of flesh


   Skills:
 + Level 3.9 Fighting
 + Level 4.8 Long Blades
 + Level 4.1 Armour
 + Level 1.6 Dodging
 + Level 0.4 Stealth
 + Level 4.1 Shields


You had 6 spell levels left.
You didn't know any spells.

Dungeon Overview and Level Annotations

Branches:
Dungeon (5/15)
 Temple: D:4-7

Altars:
Dithmenos
Elyvilon
Okawaru


Innate Abilities, Weirdness & Mutations

You have a pair of horns on your head.
A weak demonic guardian rushes to your aid.
You are partially covered in sharp spines.
You have sharp fingernails.
You have large cloven feet.
You possess an exceptional clarity of mind.


Message History

You slash Edmund!
You kill Edmund!
Okawaru is honoured by your kill.
Your Shields skill increases to level 4!
You swap places.
Your iron imp disappears in a puff of smoke!
Things that are here:
a flail of protection; a chain mail; the human corpse of Edmund
Things that are here:
a flail of protection; a chain mail; the human corpse of Edmund You feel extremely strange.
The horns on your head grow some more.
Your thoughts seem clearer.
Your feet thicken and deform.
Your fingernails lengthen.
Quiver which item? (- for none, * to show all) (? for menu, Esc to quit)
You don't have any such object.
Quiver which item? (- for none, * to show all) (? for menu, Esc to quit)
You don't have any such object.
Quiver which item? (- for none, * to show all) (? for menu, Esc to quit)
Okay, then.
Are you sure you want to abandon this character and quit the game? (Confirm with "yes".)

### #<#
###.#####.#.
#...........
#.#.#####.#.
#.#.#####.#.#
# #.@..>....#
#######.###


There were no monsters in sight!

Vanquished Creatures
  Edmund (D:5)
  A bullfrog (D:5)
  A scorpion (D:4)
  3 orc wizards (D:4)
  5 adders
  A howler monkey skeleton (D:4)
  5 worms
  4 dart slugs
  8 orcs
  2 ball pythons (D:1)
  A giant cockroach (D:4)
  4 goblins
  2 hobgoblins
  3 jackals (D:3)
  6 kobolds
  A quokka (D:2)
  8 bats
  2 frilled lizards
  8 rats
66 creatures vanquished.

Vanquished Creatures (collateral kills)
  A phantom (D:4)
  An ogre (D:4)
  The ghost of Glamhuggeren the Chiller, an amateur MfIE (D:3)
  An orc wizard (D:4)
  4 orcs (D:4)
8 creatures vanquished.

Grand Total: 74 creatures vanquished

Notes
Turn   | Place    | Note
-------+----------+-------------------------------------------
     0 | D:1      | Peloso the Demonspawn Fighter began the quest for the Orb.
     0 | D:1      | Reached XP level 1. HP: 18/18 MP: 1/1
   173 | D:1      | Gained mutation: A weak demonic guardian rushes to your aid. [demonic ancestry]
   173 | D:1      | Reached XP level 2. HP: 24/24 MP: 2/2
   716 | D:2      | Found a shadowy altar of Dithmenos.
   725 | D:2      | Reached XP level 3. HP: 23/29 MP: 3/3
   778 | D:2      | Found an iron altar of Okawaru.
   794 | D:2      | Became a worshipper of Warmaster Okawaru
  1237 | D:2      | Reached XP level 4. HP: 27/35 MP: 4/4
  2002 | D:3      | Noticed Glamhuggeren's ghost (amateur MfIE)
  2165 | D:3      | Killed Glamhuggeren's ghost
  2165 | D:3      | Reached skill level 1 in Dodging
  2165 | D:3      | Gained mutation: You are partially covered in sharp spines. [demonic ancestry]
  2165 | D:3      | Reached XP level 5. HP: 28/41 MP: 3/5
  2191 | D:3      | Found a white marble altar of Elyvilon.
  2558 | D:4      | Noticed a phantom
  2586 | D:4      | Killed a phantom
  2586 | D:4      | Reached XP level 6. HP: 35/47 MP: 3/6
  3163 | D:4      | Reached * piety under Okawaru
  3659 | D:5      | Entered Level 5 of the Dungeon
  3664 | D:5      | Noticed Edmund
  3665 | D:5      | Gained mutation: You have a pair of small horns on your head. [demonic ancestry]
  3665 | D:5      | Reached XP level 7. HP: 52/53 MP: 7/7
  3682 | D:5      | Killed Edmund
  3686 | D:5      | Gained mutation: You have a pair of horns on your head. [potion of mutation]
  3686 | D:5      | Gained mutation: You possess an exceptional clarity of mind. [potion of mutation]
  3686 | D:5      | Gained mutation: You have large cloven feet. [potion of mutation]
  3686 | D:5      | Gained mutation: You have sharp fingernails. [potion of mutation]
  3687 | D:5      | Quit the game

Skill      XL: |  1  2  3  4  5  6  7 |
---------------+----------------------+-----
Long Blades    | 2 3 4 |  4.8
Shields        | 3 4 |  4.1
Armour         | 3 4 |  4.1
Dodging        | 1 |  1.6
Fighting       | |  3.9
Stealth        | |  0.4

Action                   |  1- 3 |  4- 6 |  7- 9 || total
-------------------------+-------+-------+-------++-------
Melee: Long sword        |   124 |   114 |    14 ||   252
       Headbutt          |       |       |     1 ||     1
  Use: Scroll            |     3 |     7 |       ||    10
       Potion            |       |     1 |     1 ||     2
 Stab: Sleeping          |     1 |       |       ||     1
  Eat: Chunk             |     1 |     8 |       ||     9
Armor: Scale mail        |    70 |    53 |     3 ||   126
Dodge: Dodged            |    54 |    41 |     2 ||    97
Block: Shield            |    70 |    65 |    12 ||   147
       Rpst.: Long sword |    18 |    15 |     1 ||    34
